 Dungeon Crawl Stone Soup version 0.20-a0-19-gd4fea00 (webtiles) character file.

335 mrath the Basher (level 6, 0/51 HPs)
             Began as a Minotaur Fighter on Nov 5, 2016.
             Slain by a mummy (12 damage)
             ... in an ossuary.
             The game lasted 00:14:35 (3372 turns).

mrath the Basher (Minotaur Fighter)                 Turns: 3372, Time: 00:14:36

Health: 0/51       AC:  9    Str: 22    XL:     6   Next: 28%
Magic:  5/5        EV:  7    Int: 11    God:
Gold:   124        SH:  9    Dex: 10    Spells: 0 memorised, 5 levels left

rFire  . . .     SeeInvis .     a - +0 flail
rCold  . . .     Gourm    .     b - +0 scale mail
rNeg   . . .     Faith    .     c - +0 shield
rPois  .         Spirit   .     (helmet restricted)
rElec  .         Reflect  .     o - +0 cloak
rCorr  .         Harm     .     (no gloves)
MR     .....                    i - +0 pair of boots
Stlth  ..........               (no amulet)
                                (no ring)
                                B - +6 ring of intelligence

@: no status effects
A: retaliatory headbutt, horns 2
a: no special abilities


You were in an ossuary.
You were not hungry.

You visited 1 branch of the dungeon, and saw 4 of its levels.
You also visited: Ossuary.

You collected 124 gold pieces.

Inventory:

Hand Weapons
 a - a +0 flail (weapon)
 y - a cursed +0 hunting sling
Missiles
 h - 49 stones (quivered)
 t - 6 poisoned needles
 A - 3 needles of confusion
 E - 6 curare-tipped needles
 G - 4 steel tomahawks
Armour
 b - a +0 scale mail (worn)
 c - a +0 shield (worn)
 i - a +0 pair of boots (worn)
 o - a +0 cloak (worn)
Jewellery
 B - a +6 ring of intelligence (left hand)
Scrolls
 g - 4 scrolls of enchant weapon {unknown}
 m - 9 scrolls of identify
 n - a scroll of magic mapping {unknown}
 p - a scroll of blinking {unknown}
 v - a scroll of random uselessness {unknown}
 w - a scroll of amnesia {unknown}
 x - a scroll of remove curse {unknown}
 z - a scroll of fear {unknown}
 C - a scroll of teleportation {unknown}
Potions
 d - a potion of might
 e - a potion of haste {unknown}
 j - a potion of berserk rage {unknown}
 q - 2 potions of heal wounds
 s - a potion of mutation {unknown}
 u - 2 potions of lignification
Comestibles
 f - 2 bread rations
 k - 2 beef jerkies
 l - 5 meat rations
 D - 2 fruits
 F - 12 chunks of flesh


   Skills:
 - Level 3.6 Fighting
 + Level 8.1 Maces & Flails
 - Level 3.6 Armour
 - Level 3.6 Shields


You had 5 spell levels left.
You didn't know any spells.

Dungeon Overview and Level Annotations

Branches:
Dungeon (4/15)
 Temple: D:4-7

Altars:
Ashenzari
Gozag
Ru


Innate Abilities, Weirdness & Mutations

You reflexively headbutt those who attack you in melee.
You have a pair of horns on your head.


Message History

Throwing (i - inventory. (,) - cycle):
h - 51 stones (quivered)
Press: ? - help, Shift-Dir - straight line, f - mummy
Aim: a mummy You throw a stone.
The stone hits the mummy but does no damage.
Throwing (i - inventory. (,) - cycle):
h - 50 stones (quivered)
Press: ? - help, Shift-Dir - straight line, f/p - mummy
Aim: a mummy You throw a stone.
The stone hits the mummy but does no damage.
There are monsters nearby!
You hit the mummy. You headbutt the mummy!
You destroy the mummy!
The mummy hits you.
* * * LOW HITPOINT WARNING * * *
You hit the hobgoblin zombie.
The hobgoblin zombie is moderately damaged.
The hobgoblin zombie closely misses you.
The mummy hits you!
You die...

##......##
##....##
#....#
#....#
#....#
#....#
#.(M.#
#.M..#
#.Z@.#
#.∩∩.#
######


You could see 2 mummies and a hobgoblin zombie.

Vanquished Creatures
  Purgy (D:4)
  2 orc priests (D:4)
  Jessica (D:2)
  4 mummies (Ossuary)
  3 adders
  A worm (D:3)
  3 dart slugs
  4 leopard geckos
  4 orcs
  7 bats
  A giant cockroach (D:4)
  8 goblins
  4 hobgoblins
  7 jackals
  6 kobolds
  A quokka (D:3)
  A ball python (D:1)
  7 frilled lizards
  3 hobgoblin zombies
  2 kobold zombies (Ossuary)
  3 orc zombies (Ossuary)
  5 rats
78 creatures vanquished.

Notes
Turn   | Place    | Note
-------+----------+-------------------------------------------
     0 | D:1      | mrath the Minotaur Fighter began the quest for the Orb.
     0 | D:1      | Reached XP level 1. HP: 19/19 MP: 0/0
    93 | D:1      | Reached skill level 3 in Maces & Flails
   309 | D:1      | Reached XP level 2. HP: 23/26 MP: 1/1
   618 | D:1      | Reached skill level 4 in Maces & Flails
   909 | D:1      | Reached XP level 3. HP: 31/31 MP: 2/2
  1204 | D:2      | Found a shattered altar of Ashenzari.
  1805 | D:2      | Reached skill level 5 in Maces & Flails
  1878 | D:2      | Noticed Jessica
  1892 | D:2      | Killed Jessica
  1892 | D:2      | Reached XP level 4. HP: 27/39 MP: 3/3
  1985 | D:2      | Found a sacrificial altar of Ru.
  2470 | D:3      | Reached skill level 6 in Maces & Flails
  2623 | D:3      | Found an opulent altar of Gozag.
  3118 | D:4      | Noticed Purgy
  3132 | D:4      | Killed Purgy
  3132 | D:4      | Reached skill level 7 in Maces & Flails
  3132 | D:4      | Reached XP level 5. HP: 33/45 MP: 4/4
  3246 | D:4      | Reached XP level 6. HP: 41/51 MP: 5/5
  3286 | D:4      | Found a sand-covered staircase.
  3323 | Ossuary  | Entered an ossuary
  3344 | Ossuary  | Reached skill level 8 in Maces & Flails
  3372 | Ossuary  | Slain by a mummy

Vault maps used:
D:1:      kennysheep_arrival_forest
D:2:      lemuel_doored_altar, ashenzari_altar_1, uniq_jessica
D:3:      grunt_gozag_breadcrumbs
D:4:      nicolae_overflow_quartered_altars, enter_ossuary_3, first_bread,
          uniq_purgy
Ossuary:  ossuary_tomb_3

Skill      XL: |  1  2  3  4  5  6 |
---------------+-------------------+-----
Maces & Flails | 3 4 5 7 8 |  8.1
Fighting       | |  3.6
Armour         | |  3.6
Shields        | |  3.6

Action                   |  1- 3 |  4- 6 || total
-------------------------+-------+-------++-------
Melee: Flail             |   126 |    86 ||   212
       Headbutt          |    11 |    14 ||    25
Throw: Javelin           |     2 |     2 ||     4
       Stone             |       |     2 ||     2
  Use: Scroll            |       |     2 ||     2
       Potion            |       |     1 ||     1
  Eat: Chunk             |     3 |     5 ||     8
Armor: Scale mail        |    68 |    59 ||   127
Dodge: Dodged            |    34 |    42 ||    76
Block: Shield            |    67 |    73 ||   140
